 Dungeon Crawl Stone Soup version 0.18.1-48-g4cf74bf (webtiles) character file.

74 MistressOfTheDunes the Insei (level 4, -5/35 HPs)
             Began as a Mummy Monk on June 27, 2016.
             Slain by a gnoll (9 damage)
             ... on level 2 of the Dungeon.
             The game lasted 00:02:25 (2783 turns).

MistressOfTheDunes the Insei (Mummy Monk)           Turns: 2783, Time: 00:02:25

Health: -5/35      AC:  0    Str: 14    XL:     4   Next: 10%
Magic:  4/4        EV: 13    Int:  9    God:
Gold:   102        SH:  0    Dex: 15    Spells: 0 memorised, 3 levels left

rFire  x . .     SeeInvis .       - Unarmed
rCold  + . .     Gourm    .     (no armour)
rNeg   + + +     Faith    .     (no shield)
rPois  ∞         Spirit   .     (no helmet)
rElec  .         Dismiss  .     (no cloak)
rCorr  .         Reflect  .     (no gloves)
SustAt .         Harm     .     (no boots)
MR     .....                    (no amulet)
Stlth  ++........               (no ring)
                                (no ring)

@: not resistant to hostile enchantments, unstealthy
A: no food or potions, fire vulnerability, cold resistance 1, negative energy
resistance 3, torment resistance, unbreathing
a: no special abilities


You were on level 2 of the Dungeon.
You were not hungry.

You visited 1 branch of the dungeon, and saw 2 of its levels.

You collected 102 gold pieces.


Innate Abilities, Weirdness & Mutations

You do not eat or drink.
Your flesh is vulnerable to fire.
You are immune to poison.
Your flesh is cold resistant.
You are immune to negative energy.
You are immune to unholy pain and torment.
You can survive without breathing.


   Skills:
 - Level 3.0 Fighting
 - Level 2.4 Dodging
 - Level 1.5 Stealth
 + Level 4.7 Unarmed Combat


You had 3 spell levels left.
You didn't know any spells.

Inventory:

Scrolls
 a - 2 scrolls of magic mapping {unknown}
 b - a scroll of fog {unknown}
 c - a scroll of amnesia {unknown}
 d - 2 scrolls of identify {unknown}

Dungeon Overview and Level Annotations

Branches:
Dungeon (2/15)

Altars:
Gozag

▒.▒ ▒........ ▒.▒ ▒.▒
▒.▒.▒▒▒▒▒ ▒.▒ ▒.▒.▒(▒.▒▒▒▒▒
▒.▒▒ ▒.▒.▒(▒.....(
▒.▒▒.▒.▒..........
▒.▒▒.▒.▒▒▒.▒▒▒.... ▒▒▒▒▒▒
▒.▒▒.......w.<....
▒....▒▒▒▒.▒▒▒▒.▒▒▒.▒▒▒....
▒........Mg.g..▒ ▒...+....
▒.....▒▒.▒▒▒▒▒▒▒▒▒▒▒▒▒....
▒.....▒▒.▒..........(.....
▒.....▒▒..........(.......
▒▒.....▒▒▒▒..<...(▒▒▒▒▒▒▒▒▒
▒......▒ ▒...(...'.......▒
▒.....▒▒ ▒.......▒▒▒▒▒▒▒.▒
▒.▒....▒ ▒.......▒ ▒.▒
▒.▒.▒▒.▒▒▒▒.......▒ ▒.▒


You could see 2 gnolls.


Message History

You barely miss the gnoll!
The gnoll is lightly wounded!
The gnoll closely misses you!
You closely miss the gnoll!
The gnoll is lightly wounded!
The gnoll hits you with a club!
You barely miss the gnoll!
The gnoll is lightly wounded!
You pulverise the gnoll!
The gnoll is severely wounded!
The gnoll barely misses you!
You barely miss the gnoll!
The gnoll is severely wounded!
The gnoll hits you with a club!!! * * * don't die
* * * You pummel the gnoll but do no damage!
The gnoll is severely wounded!
The gnoll misses you!
You beat the gnoll but do no damage!
The gnoll is heavily wounded!
The gnoll hits you with a club!!! * * * don't die
* * * You beat the gnoll into a bloody pulp!
The gnoll is severely wounded!
The gnoll closely misses you!
You pummel the gnoll like a punching bag!
You annihilate the gnoll!!!
You have reached level 4!!!
The gnoll hits you!!! rip

Action                   |  1- 3 |  4- 6 || total
-------------------------+-------+-------++-------
Melee: Unarmed           |   156 |       ||   156
       Punch             |     3 |       ||     3
  Use: Scroll            |     1 |       ||     1
 Stab: Sleeping          |     2 |       ||     2
Dodge: Dodged            |   120 |       ||   120

Vault maps used:
D:1:      onia_arrival_zoo_common
D:2:      lemuel_doored_altar

Notes
Turn   | Place    | Note
--------------------------------------------------------------
     0 | D:1      | MistressOfTheDunes the Mummy Monk began the quest for the Orb.
     0 | D:1      | Reached XP level 1. HP: 18/18 MP: 1/1
    12 | D:1      | Noticed a water moccasin
    12 | D:1      | Noticed a polar bear
    12 | D:1      | Noticed a rime drake
   376 | D:1      | Reached XP level 2. HP: 16/24 MP: 2/2
  1119 | D:1      | Reached skill level 4 in Unarmed Combat
  1459 | D:2      | Reached XP level 3. HP: 12/29 MP: 3/3
  2074 | D:2      | Found an opulent altar of Gozag.
  2304 | D:2      | HP: 1/29 [worm (11)]
  2332 | D:1      | LMAO
  2332 | D:1      | 2 ADDER
  2770 | D:2      | HP: 2/29 [gnoll/club (9)]
  2772 | D:2      | Reached XP level 4. HP: 3/35 MP: 4/4
  2783 | D:2      | Slain by a gnoll

Vanquished Creatures
  2 adders (D:2)
  A gnoll (D:2)
  3 dart slugs
  4 bats
  2 giant cockroaches (D:2)
  7 goblins
  A hobgoblin (D:1)
  4 jackals (D:1)
  6 kobolds
  2 giant newts
  8 rats
40 creatures vanquished.
